SAAA
ALLOWAY HALBERDS @ TREMONT DOUBLEDAYS
07/25/2022
 
TOP OF THE 1ST
Alloway Halberds batting - Pitching for Tremont Doubledays : RHP Jim Unknown
Pitching: RHP Jim Unknown
Batting: LHB Ramón Rivera 0-0: Ball
1-0: Ball
2-0: Called Strike
2-1: Ball
3-1: SINGLE (Groundball, 6M)
Batting: RHB Tracy Larson 0-0: Called Strike
Ramón Rivera steals 2nd base
0-1: Called Strike
0-2: Fly out, F4 (Popup, 4MD)
Batting: RHB Dave Ash 0-0: SINGLE (Flyball, 89S)
Ramón Rivera to third
Batting: RHB Stefano Gaddi 0-0: Ball
Pickoff Throw to First - Error! E1
Ramón Rivera scores
Dave Ash to second
1-0: Ball
2-0: Ground out 6-3 (Groundball, 6M)
Dave Ash to third
Batting: RHB Nam-sup Yi 0-0: Ball
1-0: Called Strike
1-1: Ball
2-1: Fly out, F5 (Popup, 5F)
Top of the 1st over - 1 run(s), 2 hit(s), 1 error(s), 1 left on base; Alloway 1 - Tremont 0
BOTTOM OF THE 1ST
Tremont Doubledays batting - Pitching for Alloway Halberds : RHP Armando Delvalle
Pitching: RHP Armando Delvalle
Batting: RHB Quincy van Enk 0-0: SINGLE (Line Drive, 34D)
Batting: RHB Jim Unknown 0-0: Called Strike
Quincy van Enk steals 2nd base
0-1: Swinging Strike
0-2: Ball
1-2: Strikes out swinging
Batting: RHB Manuel Martínez 0-0: Swinging Strike
0-1: Foul Ball, location: 2F
0-2: Ball
1-2: Strikes out swinging
Batting: RHB António Pérez 0-0: Ball
1-0: Ball
2-0: Ball
3-0: Base on Balls
Batting: LHB Scott Britt 0-0: Fly out, F8 (Flyball, 89XD)
Bottom of the 1st over - 0 run(s), 1 hit(s), 0 error(s), 2 left on base; Alloway 1 - Tremont 0
TOP OF THE 2ND
Alloway Halberds batting - Pitching for Tremont Doubledays : RHP Jim Unknown
Batting: LHB Luis Gutiérrez 0-0: Called Strike
0-1: Ball
1-1: SINGLE (Line Drive, 6D)
Batting: SHB Ron Peterson 0-0: Foul Ball, location: 2F
0-1: Foul Ball, location: 2F
0-2: Ball
1-2: Ball
2-2: Strikes out swinging
Batting: LHB Mark Crawford 0-0: Called Strike
0-1: Fly out, F3 (Popup, 3L)
Batting: RHB Maurice Wiebe 0-0: Foul Ball, location: 2F
0-1: Foul Ball, location: 2F
0-2: Fly out, F1 (Popup, 23)
Top of the 2nd over - 0 run(s), 1 hit(s), 0 error(s), 1 left on base; Alloway 1 - Tremont 0
BOTTOM OF THE 2ND
Tremont Doubledays batting - Pitching for Alloway Halberds : RHP Armando Delvalle
Batting: RHB Jim Unknown 0-0: Foul Ball, location: 2F
0-1: Ball
1-1: Ball
2-1: DOUBLE (Groundball, 5L)
Batting: SHB Jim Unknown 0-0: Called Strike
0-1: Ball
1-1: Ball
2-1: Ball
3-1: Base on Balls
Batting: RHB Jim Unknown 0-0: Foul Ball, location: 2F
0-1: Fielders Choice at 3rd, U5 (Groundball, 5L)
Jim Unknown to second
Batting: RHB Jim Unknown 0-0: Ball
1-0: Called Strike
Jim Unknown is caught stealing 3rd base
Jim Unknown to second
1-1: Called Strike
1-2: Ball
2-2: Fly out, F3 (Popup, 3SF)
Bottom of the 2nd over - 0 run(s), 1 hit(s), 0 error(s), 1 left on base; Alloway 1 - Tremont 0
TOP OF THE 3RD
Alloway Halberds batting - Pitching for Tremont Doubledays : RHP Jim Unknown
Batting: LHB Ramón Rivera 0-0: Ball
1-0: Ball
2-0: Ball
3-0: Called Strike
3-1: Ground out 4-3 (Groundball, 34)
Batting: RHB Tracy Larson 0-0: Ball
1-0: Ball
2-0: Ground out 5-3 (Groundball, 5)
Batting: RHB Dave Ash 0-0: Ground out 5-3 (Groundball, 5)
Top of the 3rd over - 0 run(s), 0 hit(s), 0 error(s), 0 left on base; Alloway 1 - Tremont 0
BOTTOM OF THE 3RD
Tremont Doubledays batting - Pitching for Alloway Halberds : RHP Armando Delvalle
Batting: RHB Quincy van Enk 0-0: SOLO HOME RUN (Flyball, 7LD), Distance : 352 ft
Batting: RHB Jim Unknown 0-0: Called Strike
0-1: Foul Ball, location: 2F
0-2: Ground out 5-3 (Groundball, 56)
Batting: RHB Manuel Martínez 0-0: Ground out 4-3 (Groundball, 4)
Batting: RHB António Pérez 0-0: Ball
1-0: Foul Ball, location: 2F
1-1: Ball
2-1: Foul Ball, location: 2F
2-2: Strikes out looking
Bottom of the 3rd over - 1 run(s), 1 hit(s), 0 error(s), 0 left on base; Alloway 1 - Tremont 1
TOP OF THE 4TH
Alloway Halberds batting - Pitching for Tremont Doubledays : RHP Jim Unknown
Batting: RHB Stefano Gaddi 0-0: Called Strike
0-1: Foul Ball, location: 2F
0-2: Ball
1-2: DOUBLE (Flyball, 78D)
Batting: RHB Nam-sup Yi 0-0: Ball
1-0: Ball
2-0: Swinging Strike
2-1: Ball
3-1: Foul Ball, location: 2F
3-2: Strikes out swinging
Batting: LHB Luis Gutiérrez 0-0: SINGLE (Line Drive, 78S)
Stefano Gaddi to third
Batting: SHB Ron Peterson 0-0: Foul Ball, location: 2F
0-1: Swinging Strike
0-2: Fielders Choice at 2nd, 5-4 (Groundball, 5)
Stefano Gaddi scores
Batting: LHB Mark Crawford 0-0: Called Strike
0-1: Ball
1-1: Foul Ball, location: 2F
1-2: Fly out, F8 (Flyball, 8LM)
Top of the 4th over - 1 run(s), 2 hit(s), 0 error(s), 1 left on base; Alloway 2 - Tremont 1
BOTTOM OF THE 4TH
Tremont Doubledays batting - Pitching for Alloway Halberds : RHP Armando Delvalle
Batting: LHB Scott Britt 0-0: Ball
1-0: Foul Ball, location: 2F
1-1: Ball
2-1: SINGLE (Line Drive, 9S)
Batting: RHB Jim Unknown 0-0: Ball
1-0: Ball
2-0: SINGLE (Groundball, 6MD)
Scott Britt to second
Batting: SHB Jim Unknown 0-0: Called Strike
0-1: Foul Ball, location: 2F
0-2: Ball
1-2: Ball
2-2: Ball
3-2: Foul Ball, location: 2F
3-2: Fly out, F8 (Flyball, 8LD)
Runner from 2nd tags up, SAFE at 3rd, no throw
Batting: RHB Jim Unknown 0-0: Fly out, F9 (Flyball, 9LS)
Batting: RHB Jim Unknown 0-0: Foul Ball, location: 2F
0-1: Foul Ball, location: 2F
0-2: Fly out, F5 (Popup, 25F)
Bottom of the 4th over - 0 run(s), 2 hit(s), 0 error(s), 2 left on base; Alloway 2 - Tremont 1
TOP OF THE 5TH
Alloway Halberds batting - Pitching for Tremont Doubledays : RHP Jim Unknown
Batting: RHB Maurice Wiebe 0-0: Called Strike
0-1: Ball
1-1: Ground out 6-3 (Groundball, 6)
Batting: LHB Ramón Rivera 0-0: Called Strike
0-1: Swinging Strike
0-2: Foul Ball, location: 2F
0-2: Ball
1-2: Ball
2-2: Ball
3-2: Base on Balls
Batting: RHB Tracy Larson 0-0: Ball
1-0: 2-RUN HOME RUN (Flyball, 8RXD), Distance : 446 ft
Batting: RHB Dave Ash 0-0: Ball
1-0: Foul Ball, location: 2F
1-1: Ball
2-1: Ball
3-1: Called Strike
3-2: Foul Ball, location: 2F
3-2: Strikes out looking
Batting: RHB Stefano Gaddi 0-0: Ball
1-0: Foul Ball, location: 2F
1-1: Ball
2-1: Ball
3-1: Called Strike
3-2: Strikes out swinging
Top of the 5th over - 2 run(s), 1 hit(s), 0 error(s), 0 left on base; Alloway 4 - Tremont 1
BOTTOM OF THE 5TH
Tremont Doubledays batting - Pitching for Alloway Halberds : RHP Armando Delvalle
Batting: RHB Quincy van Enk 0-0: Called Strike
0-1: Swinging Strike
0-2: Ball
1-2: Ball
2-2: Ball
3-2: SINGLE (Groundball, 4MD)
Batting: RHB Jim Unknown 0-0: Ball
1-0: Grounds into double play, 6-4-3 (Groundball, 6)
Batting: RHB Manuel Martínez 0-0: Called Strike
0-1: Called Strike
0-2: Ball
1-2: Ball
2-2: Strikes out swinging
Bottom of the 5th over - 0 run(s), 1 hit(s), 0 error(s), 0 left on base; Alloway 4 - Tremont 1
TOP OF THE 6TH
Alloway Halberds batting - Pitching for Tremont Doubledays : RHP Jim Unknown
Batting: RHB Nam-sup Yi 0-0: Ball
1-0: Ball
2-0: Called Strike
2-1: Ball
3-1: Base on Balls
Batting: LHB Luis Gutiérrez Pickoff Throw to First - Out!
0-0: Ball
1-0: Called Strike
1-1: Ball
2-1: Ball
3-1: Called Strike
3-2: Foul Ball, location: 2F
3-2: Foul Ball, location: 2F
3-2: Ground out 1-3 (Groundball, 23)
Batting: SHB Ron Peterson 0-0: Ball
1-0: Foul Ball, location: 2F
1-1: Called Strike
1-2: Ball
2-2: SINGLE (Groundball, 23) (infield hit)
Batting: LHB Mark Crawford 0-0: Called Strike
0-1: Ball
1-1: Foul Ball, location: 2F
1-2: Foul Ball, location: 2F
1-2: Ball
2-2: Ball
Ron Peterson steals 2nd base
3-2: Foul Ball, location: 2F
3-2: Base on Balls
Pitching: RHP Jim Unknown
Batting: RHB Maurice Wiebe 0-0: Called Strike
0-1: SINGLE (Groundball, 6MD)
Ron Peterson to third
Mark Crawford to second
Runner from 3rd tries for Home, SAFE, no throw or cutoff
Batting: LHB Ramón Rivera 0-0: Ball
1-0: Ground out 1-3 (Groundball, 13S)
Top of the 6th over - 1 run(s), 2 hit(s), 0 error(s), 2 left on base; Alloway 5 - Tremont 1
BOTTOM OF THE 6TH
Tremont Doubledays batting - Pitching for Alloway Halberds : RHP Armando Delvalle
Batting: RHB António Pérez 0-0: Foul Ball, location: 2F
0-1: Ball
1-1: Called Strike
1-2: Foul Ball, location: 2F
1-2: Foul Ball, location: 2F
1-2: DOUBLE (Groundball, 3D)
Batting: LHB Scott Britt 0-0: Called Strike
0-1: Ball
1-1: Ball
2-1: Swinging Strike
2-2: DOUBLE (Line Drive, 9LM)
António Pérez scores
Batting: RHB Jim Unknown 0-0: Ball
1-0: Called Strike
1-1: Ground out 2-3 (Groundball, 2R)
Scott Britt to third
Batting: SHB Jim Unknown 0-0: Ball
1-0: Foul Ball, location: 2F
1-1: Foul Ball, location: 2F
1-2: Ball
2-2: Foul Ball, location: 2F
2-2: Ball
3-2: Base on Balls
Batting: RHB Jim Unknown 0-0: Ball
1-0: Ball
2-0: Called Strike
2-1: Foul Ball, location: 2F
2-2: Foul Ball, location: 2F
2-2: DOUBLE (Line Drive, 89M)
Scott Britt scores
Jim Unknown to third
Batting: RHB Jim Unknown 0-0: Called Strike
0-1: Fly out, F5 (Line Drive, 5L)
Batting: RHB Quincy van Enk 0-0: Fly out, F8 (Flyball, 8RM)
Bottom of the 6th over - 2 run(s), 3 hit(s), 0 error(s), 2 left on base; Alloway 5 - Tremont 3
TOP OF THE 7TH
Alloway Halberds batting - Pitching for Tremont Doubledays : RHP Jim Unknown
Batting: RHB Tracy Larson 0-0: DOUBLE (Line Drive, 4MD)
Batting: RHB Dave Ash 0-0: Ground out U3 (Groundball, 3)
Tracy Larson to third
Batting: RHB Stefano Gaddi 0-0: Ball
1-0: Foul Ball, location: 2F
1-1: Ground out 5-3 (Groundball, 5S)
Batting: RHB Nam-sup Yi 0-0: Ball
1-0: Called Strike
1-1: Ball
2-1: Swinging Strike
2-2: Ball
3-2: DOUBLE (Flyball, 89D)
Tracy Larson scores
Batting: LHB Luis Gutiérrez 0-0: Ball
1-0: Ball
2-0: Called Strike
2-1: Foul Ball, location: 2F
2-2: Ground out 6-3 (Groundball, 6)
Top of the 7th over - 1 run(s), 2 hit(s), 0 error(s), 1 left on base; Alloway 6 - Tremont 3
BOTTOM OF THE 7TH
Tremont Doubledays batting - Pitching for Alloway Halberds : RHP Armando Delvalle
Batting: RHB Jim Unknown 0-0: Foul Ball, location: 2F
0-1: Ball
1-1: Ground out 5-3 (Groundball, 56S)
Batting: RHB Manuel Martínez 0-0: Ball
1-0: Ball
2-0: Ball
3-0: Base on Balls
Pitching: RHP Joe Holmes
Batting: RHB António Pérez 0-0: Called Strike
0-1: SINGLE (Groundball, 5D)
Manuel Martínez to second
Batting: LHB Scott Britt 0-0: Fly out, F7 (Popup, 7S)
Batting: RHB Jim Unknown 0-0: Fly out, F9 (Flyball, 9M)
Bottom of the 7th over - 0 run(s), 1 hit(s), 0 error(s), 2 left on base; Alloway 6 - Tremont 3
TOP OF THE 8TH
Alloway Halberds batting - Pitching for Tremont Doubledays : RHP Jim Unknown
Batting: SHB Ron Peterson 0-0: Called Strike
0-1: Ball
1-1: Foul Ball, location: 2F
1-2: Foul Ball, location: 2F
1-2: Strikes out swinging
Batting: LHB Mark Crawford 0-0: Ball
1-0: Fly out, F4 (Popup, 4S)
Batting: RHB Maurice Wiebe 0-0: Swinging Strike
0-1: Ball
1-1: SOLO HOME RUN (Flyball, 89XD), Distance : 435 ft
Batting: LHB Ramón Rivera 0-0: Ball
Single, Error in OF, E9, batter to second base
Batting: RHB Tracy Larson 0-0: Foul Ball, location: 2F
0-1: Ball
1-1: Foul Ball, location: 2F
1-2: Ball
2-2: Fly out, F9 (Flyball, 9S)
Top of the 8th over - 1 run(s), 2 hit(s), 1 error(s), 1 left on base; Alloway 7 - Tremont 3
BOTTOM OF THE 8TH
Tremont Doubledays batting - Pitching for Alloway Halberds : RHP Joe Holmes
Batting: SHB Jim Unknown 0-0: Foul Ball, location: 2F
0-1: Ball
1-1: Ball
2-1: Ball
3-1: Foul Ball, location: 2F
3-2: Base on Balls
Batting: RHB Jim Unknown 0-0: Foul Ball, location: 2F
0-1: Ball
1-1: Called Strike
1-2: Ball
2-2: Ball
3-2: Strikes out swinging
Throwing error on steal attempt, E2
Jim Unknown to third
Batting: RHB Jim Unknown 0-0: Ball
1-0: Ball
2-0: Ball
3-0: Base on Balls
Pitching: RHP Orlando De Jesús
Batting: RHB Quincy van Enk 0-0: Ball
1-0: Foul Ball, location: 2F
1-1: Called Strike
1-2: Ball
2-2: Strikes out swinging
Batting: RHB Jim Unknown 0-0: Foul Ball, location: 2F
0-1: Foul Ball, location: 2F
0-2: Foul Ball, location: 2F
0-2: Ball
1-2: SINGLE (Line Drive, 6MD)
Jim Unknown scores
Jim Unknown to second
Batting: RHB Manuel Martínez 0-0: Called Strike
0-1: Ball
1-1: Ball
2-1: Ball
3-1: Foul Ball, location: 2F
3-2: Foul Ball, location: 2F
3-2: Base on Balls
Jim Unknown to third
Jim Unknown to second
Batting: RHB António Pérez 0-0: Called Strike
0-1: Swinging Strike
0-2: Ball
1-2: Foul Ball, location: 2F
1-2: Ball
2-2: Foul Ball, location: 2F
2-2: Ball
3-2: Base on Balls
Jim Unknown scores
Jim Unknown to third
Manuel Martínez to second
Pitching: LHP Jim Unknown
Pinch Hitting: RHB Jim Unknown 0-0: Ball
1-0: Ball
2-0: Foul Ball, location: 2F
2-1: Called Strike
2-2: Ball
3-2: Base on Balls
Jim Unknown scores
Manuel Martínez to third
António Pérez to second
Pitching: RHP Manuel Reyes
Batting: RHB Jim Unknown 0-0: Foul Ball, location: 2F
0-1: Foul Ball, location: 2F
0-2: Foul Ball, location: 2F
0-2: Strikes out looking
Bottom of the 8th over - 3 run(s), 1 hit(s), 1 error(s), 3 left on base; Alloway 7 - Tremont 6
TOP OF THE 9TH
Alloway Halberds batting - Pitching for Tremont Doubledays : RHP Jim Unknown
Pitching: RHP Jim Unknown
Now in RF: Jim Unknown
Batting: RHB Dave Ash 0-0: Ball
1-0: Swinging Strike
1-1: Ball
2-1: Ground out 4-3 (Groundball, 4MD)
Pitching: LHP António Hernández
Batting: RHB Stefano Gaddi 0-0: Ball
1-0: Ball
2-0: SINGLE (Line Drive, 6MD)
Batting: RHB Nam-sup Yi 0-0: Swinging Strike
0-1: Ball
1-1: Called Strike
1-2: Ball
2-2: Foul Ball, location: 2F
2-2: SINGLE (Groundball, 6MD)
Stefano Gaddi to second
Pinch Hitting: RHB Dennis Clifton 0-0: Ball
1-0: Ball
2-0: Foul Ball, location: 2F
2-1: Swinging Strike
2-2: Strikes out looking
Batting: SHB Ron Peterson 0-0: Ball
1-0: Ball
2-0: Ball
3-0: Base on Balls
Stefano Gaddi to third
Nam-sup Yi to second
Pinch Hitting: RHB Juan Martínez 0-0: Ball
1-0: Ball
2-0: Ball
3-0: Base on Balls
Stefano Gaddi scores
Nam-sup Yi to third
Ron Peterson to second
Batting: RHB Maurice Wiebe 0-0: Called Strike
0-1: Ball
1-1: Ball
2-1: Ball
3-1: Base on Balls
Nam-sup Yi scores
Ron Peterson to third
Juan Martínez to second
Pinch Hitting: RHB Jonathan Cundall 0-0: Called Strike
0-1: Foul Ball, location: 2F
0-2: Ball
1-2: Strikes out swinging
Top of the 9th over - 2 run(s), 2 hit(s), 0 error(s), 3 left on base; Alloway 9 - Tremont 6
BOTTOM OF THE 9TH
Tremont Doubledays batting - Pitching for Alloway Halberds : RHP Manuel Reyes
Pitching: LHP Jim Unknown
Now at C: Dennis Clifton
Now at 2B: Mike Davis
Now at 3B: Juan Martínez
Now in RF: Jonathan Cundall
Batting: SHB Jim Unknown 0-0: Bunt for hit - play at first, batter OUT! 2-3
Batting: RHB Jim Unknown 0-0: Ground out 4-3 (Groundball, 4)
Batting: RHB Jim Unknown 0-0: Called Strike
0-1: SINGLE (Flyball, 8LS)
Batting: RHB Quincy van Enk 0-0: Ball
1-0: Ball
2-0: Foul Ball, location: 2F
2-1: Reached on error, E6 (Groundball, 6)
Jim Unknown to second
Batting: RHB Jim Unknown 0-0: Ball
1-0: Ball
2-0: SINGLE (Groundball, 23) (infield hit)
Jim Unknown to third
Quincy van Enk to second
Batting: RHB Manuel Martínez 0-0: Swinging Strike
0-1: Foul Ball, location: 2F
0-2: Strikes out swinging
Bottom of the 9th over - 0 run(s), 2 hit(s), 1 error(s), 3 left on base; Alloway 9 - Tremont 6
This league is powered by Out of the Park Baseball, the baseball management simulation game for PC, Mac and Linux
Friday, April 15th, 2016 - OOTP Baseball 16.9 Build 39